 Dungeon Crawl Stone Soup version bcrawl-1.17.3 (webtiles) character file.

Game seed: 9086715192739344511

87 Gottschkopf the Insei (level 4, -4/35 HPs)
             Began as a Draconian Transmuter on Oct 20, 2019.
             Slain by an ogre
             ... wielding a +0 giant spiked club
              (26 damage)
             ... on level 3 of the Dungeon.
             The game lasted 00:07:32 (2383 turns).

Gottschkopf the Insei (Draconian Transmuter)        Turns: 2383, Time: 00:07:32

Health: -4/35      AC:  2    Str: 12    XL:     4   Next: 28%
Magic:  4/7        EV: 19    Int: 14    God:
Gold:   149        SH:  0    Dex: 17    Spells: 3/7 levels left

rFire    + . .     SeeInvis .     - Unarmed
rCold    . . .     Gourm    .   (shield currently unavailable)
rNeg     . . .     Faith    .   (armour unavailable)
rPois    x         Spirit   .   (helmet currently unavailable)
rElec    .         Reflect  .   (cloak currently unavailable)
rCorr    .         Harm     .   (gloves currently unavailable)
MR       .....                  (boots currently unavailable)
Stlth    ++........             (no amulet)
HPRegen  0.11/turn              r - ring of protection from fire
MPRegen  0.10/turn              (no ring)

@: spider-form
A: tiny, unfitting armour, AC +5
a: End Transformation


You were on level 3 of the Dungeon.
You were hungry.
You were a venomous arachnid creature.
You visited 1 branch of the dungeon, and saw 3 of its levels.

You collected 149 gold pieces.

Inventory:

Missiles
 a - 363 arrows
Armour
 k - a +0 cloak (melded)
Jewellery
 r - a ring of protection from fire (left front leg)
Scrolls
 b - 4 scrolls of identify {unknown}
 f - 2 scrolls of fear {unknown}
 g - 2 scrolls of amnesia {unknown}
 h - 4 scrolls of magic mapping {unknown}
 i - a scroll of immolation {unknown}
 m - a scroll of remove curse {unknown}
 n - a scroll of teleportation {unknown}
 p - 2 scrolls of enchant weapon {unknown}
Potions
 c - 2 potions of lignification
 e - 2 potions of flight {unknown}
 j - a potion of heal wounds {unknown}
 l - a potion of magic {unknown}
 o - 2 potions of curing {unknown}
Comestibles
 d - 4 rations {!d}


   Skills:
 - Level 1.1 Fighting
 - Level 1.7 Dodging
 - Level 4.3 Unarmed Combat
 - Level 2.0 Spellcasting
 + Level 2.7 Transmutations
 - Level 1.6 Poison Magic


You had 3 spell levels left.
You knew the following spells:

 Your Spells              Type           Power        Failure   Level  Hunger
a - Beastly Appendage     Tmut           #.....       21%         1    ##.....
b - Spider Form           Tmut/Pois      #..          50%         3    ####...

Your spell library contained the following spells:

 Spells                   Type           Power        Failure   Level  Hunger
 Sticks to Snakes         Tmut           #.......     28%         2    ###....
 Ice Form                 Ice/Tmut       #.......     92%         4    #####..
 Blade Hands              Tmut           #.........   98%         5    ######.


Dungeon Overview and Level Annotations

Branches:
Dungeon (3/12)

Altars:
Trog
Vehumet


Innate Abilities, Weirdness & Mutations

((Your plain brown scales are hard. (AC +5)))
You cannot fit into any form of body armour.
((You are cold-blooded and may be slowed by cold attacks.))


Message History

You see here a +0 club.
Casting: Beastly Appendage (safe; 8% risk of failure)
Confirm with . or Enter, or press ? or * to list all spells.
You turn into a venomous arachnid creature.
Your +0 cloak melds into your body.
You are feeling hungry.
You hit the kobold.
You kill the kobold!
You bite the orc!
You kill the orc!
You hit the ogre.
The ogre is poisoned.
The ogre is lightly wounded.
The ogre hits you with a +0 giant spiked club!
You hit the ogre.
The ogre is moderately wounded.
You hit the ogre.
The ogre looks as sick as possible!
The ogre is heavily wounded.
The ogre hits you with a +0 giant spiked club!!
Ouch! That really hurt!
You die...

### ..# #.# #.#
#s# #O# #.# .##
#)#
.....###.#########
#.......<.....#
.....###.#######.#
..# #.# ..#


You could see an ogre.

Vanquished Creatures
  An iguana (D:2)
  An adder (D:2)
  An ooze (D:2)
  2 worms (D:2)
  A leopard gecko (D:1)
  4 orcs
  A giant cockroach (D:3)
  7 goblins
  4 hobgoblins
  A quokka (D:2)
  2 bats
  5 frilled lizards
  7 kobolds
  3 rats (D:1)
40 creatures vanquished.

Notes
Turn   | Place    | Note
-------+----------+-------------------------------------------
     0 | D:1      | Gottschkopf the Draconian Transmuter began the quest for
                  | the Orb.
     0 | D:1      | Reached XP level 1. HP: 16/16 MP: 3/3
   426 | D:1      | Reached XP level 2. HP: 16/23 MP: 3/5
   921 | D:1      | Reached skill level 4 in Unarmed Combat
  1110 | D:2      | Found a bloodstained altar of Trog.
  1183 | D:2      | Reached XP level 3. HP: 19/28 MP: 4/6
  1188 | D:2      | Learned a level 3 spell: Spider Form
  1324 | D:2      | Reached skill level 1 in Poison Magic
  1615 | D:2      | Reached XP level 4. HP: 26/35 MP: 5/7
  1949 | D:2      | Found a radiant altar of Vehumet.
  2368 | D:3      | Noticed an ogre
  2383 | D:3      | Slain by an ogre

Skill      XL: |  1  2  3 |
---------------+----------+-----
Unarmed Combat | 4 |  4.3
Poison Magic   | 1 |  1.6
Fighting       | |  1.1
Dodging        | |  1.7
Spellcasting   | |  2.0
Transmutations | |  2.7

Action                   |  1- 3 |  4- 6 || total
-------------------------+-------+-------++-------
Melee: Unarmed           |    93 |    33 ||   126
       Tailslap          |     4 |     3 ||     7
       Kick              |    10 |     1 ||    11
       Headbutt          |     1 |     2 ||     3
 Cast: Beastly Appendage |    15 |     3 ||    18
       Spider Form       |     1 |     2 ||     3
 Stab: Sleeping          |     1 |       ||     1
  Eat: Chunk             |     3 |     2 ||     5
Armor: Skin              |    24 |     2 ||    26
Dodge: Dodged            |    44 |    11 ||    55
